 Dungeon Crawl Stone Soup version 0.32-a0-712-g515539a (webtiles) character file.

Game seed: 3338465525986331505

325 PidgeyThePirate the Shooter (level 6, -7/47 HPs)
             Began as a Coglin Hunter on Mar 15, 2024.
             Mangled by Edmund
             ... wielding a +2 flail of venom
              (8 damage)
             ... on level 4 of the Dungeon.
             The game lasted 00:04:26 (2323 turns).

PidgeyThePirate the Shooter (Coglin Hunter)         Turns: 2323, Time: 00:04:29

Health: -7/47      AC:  6    Str: 14    XL:     6   Next: 48%
Magic:  6/6        EV: 10    Int:  8    God:
Gold:   201        SH:  0    Dex: 17    Spells: 5/5 levels left

rFire   . . .        a - +2 sling {Prani}
rCold   . . .        d - +0 sling {Lars}
rNeg    . . .        h - +0 ring mail
rPois   .            e - +0 helmet
rElec   .            (no cloak)
rCorr   .            (no gloves)
SInv    .            (no boots)
Will    .....        (amulet unavailable)
Stlth   +            (ring unavailable)
HPRegen 0.00/turn    (ring unavailable)
MPRegen 0.10/turn    (no gizmo)

%: no passive effects
@: mighty, lethally poisoned (-7 -> -35), inhibited regen, revved
A: off-hand wielding, slow wielding, warmup strikes, no jewellery, inhibited
regeneration
a: Invent Gizmo


You were on level 4 of the Dungeon.
You visited 1 branch of the dungeon, and saw 4 of its levels.

You collected 201 gold pieces.

Inventory:

Hand Weapons
 a - a +2 sling (weapon) {Prani}
 d - a +0 sling (offhand) {Lars}
Armour
 c - a +0 leather armour
 e - a +0 helmet (worn)
 h - a +0 ring mail (worn)
Wands
 p - a wand of flame (29)
Scrolls
 f - 3 scrolls of identify {unknown}
 g - a scroll of revelation {unknown}
 i - a scroll of fog {unknown}
 k - a scroll of brand weapon {unknown}
 m - a scroll of teleportation {unknown}
 r - a scroll of enchant weapon {unknown}
 s - a scroll of summoning {unknown}
Potions
 l - a potion of resistance {unknown}
 n - a potion of ambrosia
 q - a potion of mutation


   Skills:
 + Level 3.3 Fighting
 + Level 6.2 Ranged Weapons
 + Level 1.0 Armour
 + Level 1.8 Dodging
 + Level 0.9 Stealth


You had 5 spell levels left.
You didn't know any spells.
Your spell library contained the following spells:

 Spells                   Type           Power      Damage    Failure   Level
 Inner Flame              Hex/Fire       0%         N/A       95%         3
 Flame Wave               Conj/Fire      0%         2d4       100%        4
 Sticky Flame             Fire/Alch      0%         2d4       100%        4


Dungeon Overview and Level Annotations

Branches:
Dungeon (4/15)
 Temple: D:4-7

Altars:
Qazlal

Shops:
D:1 :   D:3 :

Annotations:
D:4 Edmund


Innate Abilities, Weirdness & Mutations

You can wield a second weapon in your off-hand.
It takes a long time for you to wield or remove held weapons.
Your first few attacks do less damage.
You cannot equip rings or amulets.
You do not regenerate when monsters are visible.


Message History

Your regeneration stops near monsters.
You feel sick. Edmund barely misses you.
It was a potion of curing.
You feel better.
You feel less invigorated. Edmund closely misses you.
You shoot a sling bullet. The sling bullet hits Edmund.
Edmund is heavily wounded.
You shoot a sling bullet. The sling bullet hits Edmund.
Edmund is severely wounded.
Edmund hits you with a +2 flail of venom!
You are poisoned.
You shoot a sling bullet. The sling bullet hits Edmund.
Edmund is severely wounded.
You shoot a sling bullet. The sling bullet barely misses Edmund.
You feel very sick.
Edmund hits you with a +2 flail of venom.
Edmund barely misses you.
You shoot a sling bullet. The sling bullet hits Edmund.
Edmund is almost dead.
You shoot a sling bullet.
The sling bullet hits Edmund but does no damage.
Edmund is almost dead.
You feel very sick.
Edmund hits you with a +2 flail of venom.
You are lethally poisoned!
You shoot a sling bullet.
The sling bullet hits Edmund but does no damage.
Edmund is almost dead.
You shoot a sling bullet. The sling bullet hits Edmund!
Edmund is almost dead.
You feel very sick.
Edmund hits you with a +2 flail of venom!
* * * LOW HITPOINT WARNING * * *
You are more poisoned.
It was a potion of might.
You feel very mighty all of a sudden.
* * * LOW HITPOINT WARNING * * *
You feel extremely sick.
Edmund hits you with a +2 flail of venom!
You die...
Edmund says, "I'd like to see a scythe do that!"

#.). .# ...
.# .. .# .#.#
#####..######
#(.........:.
#.###.#######
#@# #@# #.#
#.# #.#
#######.#
#.......#
#.####### #.#
#.#


You could see Edmund.

Vanquished Creatures
  3 scorpions (D:4)
  2 hounds (D:4)
  3 adders
  A dart slug (D:1)
  A ribbon worm (D:2)
  An orc (D:3)
  6 ball pythons
  7 endoplasms
  3 giant cockroaches
  4 hobgoblins
  7 kobolds
  A quokka (D:2)
  9 bats
  2 frilled lizards
  7 goblins
  3 rats
60 creatures vanquished.

Notes
Turn   | Place    | Note
-------+----------+-------------------------------------------
     0 | D:1      | PidgeyThePirate the Coglin Hunter began the quest for the
                  | Orb.
     0 | D:1      | Reached XP level 1. HP: 16/16 MP: 1/1
    54 | D:1      | Found Oregiac's Book Shop.
   181 | D:1      | Reached XP level 2. HP: 22/22 MP: 2/2
   222 | D:1      | Reached skill level 4 in Ranged Weapons
   466 | D:1      | Reached XP level 3. HP: 27/27 MP: 3/3
  1270 | D:3      | Found a stormy altar of Qazlal.
  1303 | D:3      | Reached XP level 4. HP: 33/33 MP: 4/4
  1614 | D:3      | Found Qalib's Book Shoppe.
  1633 | D:3      | Reached skill level 5 in Ranged Weapons
  2013 | D:4      | Noticed Edmund
  2057 | D:4      | Noticed a scorpion
  2066 | D:4      | Killed a scorpion
  2067 | D:4      | Reached XP level 5. HP: 31/39 MP: 5/5
  2204 | D:4      | Reached XP level 6. HP: 47/47 MP: 6/6
  2210 | D:4      | Reached skill level 6 in Ranged Weapons
  2210 | D:4      | Reached skill level 1 in Armour
  2317 | D:4      | Gained mutation: You do not regenerate when monsters are
                  | visible. [potion of mutation]
  2323 | D:4      | HP: 1/47 [poisoned by Edmund]
  2323 | D:4      | Mangled by Edmund

Illustrated notes

Levels and vault maps discovered:
D:1:      dpeg_arrival_boxes_within_box, layout_loops_corners, serial_shops,
          shop
D:2:      layout_rooms
D:3:      layout_basic, nicolae_overflow_crystal_walls, serial_shops,
          nicolae_shop_trees, dreamdust_wishing_well
D:4:      layout_loops_ring, uniq_edmund

Skill      XL: |  1  2  3  4  5  6 |
---------------+-------------------+-----
Ranged Weapons | 4 5 6 |  6.2
Fighting       | 3 |  3.3
Armour         | 1 |  1.0
Dodging        | |  1.8
Stealth        | |  0.9

Action                     |  1- 3 |  4- 6 || total
---------------------------+-------+-------++-------
  Melee: Sling             |       |     2 ||     2
   Fire: Sling             |   146 |   146 ||   292
    Use: Scroll            |       |     1 ||     1
         Potion            |       |     4 ||     4
 Armour: Leather armour    |     6 |       ||     6
         Ring mail         |     2 |    21 ||    23
  Dodge: Dodged            |     5 |    23 ||    28

Table legend: (Time is in decaauts)
 A = Elapsed time spent in this place.
 B = Non-inter-level travel time spent in this place.
 C = Inter-level travel time spent in this place.
 D = Time resting spent in this place.
 E = Time spent auto-exploring this place.
 F = Levels seen in this place.
 G = Mean time per level.
                   A        B        C        D        E       F      G
               +--------+--------+--------+--------+--------+-----+--------+
         Total |   2358 |   2237 |    121 |      0 |   1845 |   4 |  589.5 |
       Dungeon |   2358 |   2237 |    121 |      0 |   1845 |   4 |  589.5 |
               +--------+--------+--------+--------+--------+-----+--------+

Top non-repeatable levels by time:
     D:1: 876 daAuts
     D:3: 689 daAuts
     D:2: 396 daAuts
     D:4: 395 daAuts
